 Dungeon Crawl Stone Soup version 0.28-a0-518-g36894cfc38 (webtiles) character file.

Game seed: 2010795224327061792

15423 TimeIsEndless the Fighter (level 12, -5/133 HPs)
             Began as an Ogre Hunter on Sept 23, 2021.
             Was an Elder of the Shining One.
             Slain by a torpor snail (12 damage)
             ... in a Gauntlet.
             The game lasted 00:20:24 (17919 turns).

TimeIsEndless the Fighter (Ogre Hunter)            Turns: 17919, Time: 00:20:25

Health: -5/133     AC: 10    Str: 19    XL:     12   Next: 26%
Magic:  19/19      EV: 10    Int: 14    God:    the Shining One [****..]
Gold:   837        SH:  0    Dex: 13    Spells: 18/18 levels left

rFire   . . .      SeeInvis .   x - +7 morningstar "Soadah Coer" {freeze, Int+2}
rCold   + . .      Faith    +   (no shield)
rNeg    + + .      Spirit   .   C - +0 swamp dragon scales
rPois   +          Reflect  .   (helmet restricted)
rElec   .          Harm     .   l - +0 cloak
rCorr   .          Rampage  .   (gloves unavailable)
Will    +....      NoTele   +   (boots unavailable)
Stlth   +.........              h - amulet of faith
HPRegen 0.32/turn               b - ring of protection from cold
MPRegen 0.16/turn               (no ring)

@: slowed, glowing, very slow
A: large, unfitting armour, tough skin 1
a: Renounce Religion, Divine Shield, Cleansing Flame


You were in a Gauntlet.
You worshipped the Shining One.
The Shining One was greatly pleased with you.
You visited 3 branches of the dungeon, and saw 13 of its levels.
You also visited: Gauntlet.

You collected 837 gold pieces.

Inventory:

Hand Weapons
 r - a +4 giant spiked club of venom
 x - the +7 morningstar "Soadah Coer" (weapon) {freeze, Int+2}
   (You found it on level 5 of the Dungeon)

   It freezes those it strikes, dealing additional cold damage.
   It can also slow down cold-blooded creatures.
   Int:       It affects your intelligence (+2).
Missiles
 s - 2 large rocks (quivered)
Armour
 d - +2 pearl dragon scales
 l - a +0 cloak (worn)
 C - +0 swamp dragon scales (worn)
Jewellery
 b - a ring of protection from cold (left hand)
 e - a +6 ring of intelligence
 f - an amulet of reflection
 h - an amulet of faith (around neck)
 t - a ring of ice
Wands
 o - a wand of iceblast (8)
 q - a wand of paralysis (17)
 y - a wand of flame (42)
Scrolls
 a - a scroll of fear
 k - 2 scrolls of teleportation
 p - 2 scrolls of identify
Potions
 c - a potion of resistance
 g - a potion of flight
 i - a potion of magic
 j - 4 potions of lignification
 m - 3 potions of mutation
 z - 2 potions of attraction


   Skills:
 + Level 12.5 Fighting
 + Level 6.6 Maces & Flails
 - Level 5.0 Throwing
 + Level 5.3 Armour
 + Level 5.3 Dodging
 - Level 1.0 Stealth
 - Level 3.8 Spellcasting
 - Level 9.4 Invocations
 - Level 7.2 Evocations


You had 18 spell levels left.
You didn't know any spells.
Your spell library contained the following spells:

 Spells                   Type           Power      Damage    Failure   Level
 Apportation              Tloc           4%         N/A       32%         1
 Corpse Rot               Necr/Air       N/A        N/A       43%         2
 Poisonous Vapours        Pois/Air       4%         N/A       43%         2
 Static Discharge         Conj/Air       2%         N/A       43%         2
 Dazzling Flash           Conj/Hex       4%         N/A       67%         3
 Passage of Golubria      Tloc           N/A        N/A       97%         4
 Agony                    Necr           2%         N/A       100%        5
 Lightning Bolt           Conj/Air       1%         1d12      100%        5
 Silence                  Hex/Air        1%         N/A       100%        5
 Simulacrum               Ice/Necr       1%         N/A       100%        6
 Maxwell's Capacitive Co  Air            1%         ∞         100%        8
 Polar Vortex             Ice            1%         N/A       100%        9


Dungeon Overview and Level Annotations

Branches:
Dungeon (11/15)            Temple (1/1) D:7            Lair (1/6) D:10
    Orc (0/2) D:10        Gauntlet (1/1)

Altars:
Ashenzari
Cheibriados
Dithmenos
Elyvilon
Fedhas
Gozag
Hepliaklqana
Kikubaaqudgha
Makhleb
Nemelex Xobeh
Okawaru
Qazlal
Ru
Sif Muna
Trog
Uskayaw
Vehumet
Wu Jian
Xom
Yredelemnul
Zin
The Shining One

Shops:
D:4 [   D:8 (   D:10 :

Annotations:
Gauntlet 7 transporters, 5 runed translucent doors, exclusion: orange crystal statue


Innate Abilities, Weirdness & Mutations

You are too large for most types of armour.
You have tough skin. (AC +1)


Message History

The wolf bites you but does no damage. The wolf barely misses you.
The torpor snail misses you. The wolf barely misses you.
The torpor snail barely misses you.
You barely miss the wolf.
The wolf is heavily wounded.
The wolf bites you but does no damage. The wolf closely misses you. x2
The torpor snail bites you.
You closely miss the wolf.
The wolf is heavily wounded.
The wolf closely misses you. The wolf bites you. The wolf barely misses you.
The torpor snail bites you!!
* * * LOW HITPOINT WARNING * * *
You sock the wolf! You freeze the wolf.
You kill the wolf!
The torpor snail bites you.
* * * LOW HITPOINT WARNING * * *
You hit the torpor snail. You freeze the torpor snail.
The torpor snail is moderately wounded.
The torpor snail bites you.
* * * LOW HITPOINT WARNING * * *
The torpor snail bites you.
* * * LOW HITPOINT WARNING * * *
You puncture the torpor snail! You freeze the torpor snail.
The torpor snail is heavily wounded.
The torpor snail bites you but does no damage.
Throw: 4 large rocks
Press: ? - help, Q - select action, (/) - cycle Shift-Dir - straight line, f - wolf
Aim: a wolf (haloed, 66% to hit)
You throw a large rock.
The large rock hits the torpor snail but does no damage.
The torpor snail is heavily wounded.
The torpor snail barely misses you. The torpor snail bites you!
* * * LOW HITPOINT WARNING * * *
Throw: 3 large rocks
Press: ? - help, Q - select action, (/) - cycle Shift-Dir - straight line, f/p - wolf
Aim: a wolf (haloed, 66% to hit)
You throw a large rock. The large rock hits the torpor snail!
The torpor snail is severely wounded.
The torpor snail bites you!
You die...

..y#.8.#.........#..#8#
.#.#...#.#.#w#.#.#..###
##.#####..#.#.#..#..#
#..#...#.#.#.#.#.#..###
...#©.©#..#.©.#..#..#8#
#..#...#.#.#.#.#.#..###
##.#####..#.#.#..#..#
.#y#...#.#.#.#.#.#..###
.yy#.8.#....©)hw@#..#8#
####...###########..###
....................#
...................≈#
#####################
##8# #8# #8# #8# #8#
#### ### ### ### ### #
#


You could see a torpor snail and a wolf.

Vanquished Creatures
  The ghost of kirax the Cleaver, a novice MiBe of Trog (D:9)
  A centaur warrior (D:9)
  A two-headed ogre (D:11)
  A fire crab (Gauntlet)
  Pikel (D:7)
  An ugly thing (D:10)
  2 cane toads (Lair:1)
  Maggie (D:8)
  A kobold demonologist (D:9)
  A komodo dragon (Lair:1)
  A hornet (D:10)
  A slime creature (Gauntlet)
  A wraith (D:9)
  2 wyverns (D:9)
  2 fire bats (Gauntlet)
  3 steam dragons
  25 yaks
  2 basilisks (Lair:1)
  2 acid dragons (D:9)
  4 water moccasins
  3 orc warriors (D:7)
  A hornet zombie (D:9)
  2 ice beasts
  A black bear (D:2)
  2 necrophages (D:9)
  4 ogres
  3 wolves (Gauntlet)
  3 centaurs
  A phantom (D:4)
  2 kobold brigands (D:9)
  2 bullfrogs (Lair:1)
  2 gnoll sergeants
  A water moccasin zombie (D:5)
  A wyvern skeleton (D:7)
  12 killer bees
  15 wights
  An electric eel (Lair:1)
  6 centaur zombies
  A bullfrog zombie (D:6)
  2 centaur skeletons
  A human zombie (D:9)
  Crazy Yiuf (D:6)
  A jelly (D:6)
  2 gnoll shamans
  3 orc priests
  3 hounds
  2 iguanas
  Natasha (D:2)
  8 orc wizards
  A killer bee zombie (D:9)
  3 howler monkey zombies (D:9)
  17 gnolls
  7 adders
  A white imp (D:7)
  2 ufetubi
  An adder skeleton (D:4)
  3 worms
  4 dart slugs
  28 orcs
  2 ball pythons (D:1)
  7 bats
  10 endoplasms
  5 giant cockroaches
  7 goblins
  11 hobgoblins
  4 quokkas
  6 frilled lizards
  22 kobolds
  5 rats
287 creatures vanquished.

Vanquished Creatures (others)
  12 plants
12 creatures vanquished.

Grand Total: 299 creatures vanquished

Notes
Turn   | Place    | Note
-------+----------+-------------------------------------------
     0 | D:1      | TimeIsEndless the Ogre Hunter began the quest for the Orb.
     0 | D:1      | Reached XP level 1. HP: 22/22 MP: 1/1
   329 | D:1      | Reached skill level 3 in Fighting
   329 | D:1      | Reached skill level 1 in Stealth
   329 | D:1      | Reached XP level 2. HP: 25/31 MP: 2/2
   917 | D:1      | Reached skill level 4 in Fighting
   917 | D:1      | Reached XP level 3. HP: 22/39 MP: 3/3
  1345 | D:2      | Found a faded altar of an unknown god.
  1357 | D:2      | Reached skill level 5 in Fighting
  1357 | D:2      | Reached XP level 4. HP: 42/50 MP: 4/4
  1409 | D:2      | Got Sif Muna's Tome of the Frostbite and Translocation
  1891 | D:2      | Reached skill level 6 in Fighting
  1910 | D:2      | Reached XP level 5. HP: 23/61 MP: 5/5
  2161 | D:2      | Found a glowing silver altar of Zin.
  2321 | D:2      | Noticed Natasha
  2330 | D:2      | Killed Natasha
  2489 | D:3      | Found a broken altar of Ashenzari.
  2815 | D:3      | Reached skill level 7 in Fighting
  3481 | D:4      | Noticed an ogre
  3567 | D:4      | Killed an ogre
  3568 | D:4      | Reached skill level 8 in Fighting
  3568 | D:4      | Reached XP level 6. HP: 33/72 MP: 6/6
  4176 | D:4      | Found Teluineo's Antique Armour Boutique.
  4237 | D:4      | Reached skill level 1 in Maces & Flails
  4248 | D:4      | HP: 1/74 [ufetubus (3)]
  4328 | D:4      | Noticed a black bear
  4532 | D:2      | Killed a black bear
  4533 | D:2      | Reached XP level 7. HP: 13/81 MP: 7/7
  4983 | D:4      | Found a snail-covered altar of Cheibriados.
  5072 | D:4      | Reached skill level 9 in Fighting
  5289 | D:5      | Entered Level 5 of the Dungeon
  5618 | D:5      | Found a sacrificial altar of Ru.
  6042 | D:5      | Found a glowing golden altar of the Shining One.
  6116 | D:5      | Became a worshipper of the Shining One
  6259 | D:6      | Reached XP level 8. HP: 79/93 MP: 8/8
  6260 | D:6      | Reached skill level 10 in Fighting
  6643 | D:6      | Found an opulent altar of Gozag.
  6933 | D:5      | Reached skill level 5 in Throwing
  7265 | D:5      | Identified the +7 morningstar "Soadah Coer" {freeze, Int+2}
  7427 | D:6      | Reached skill level 1 in Invocations
  7613 | D:6      | Found a runed translucent door.
  7614 | D:6      | Noticed Crazy Yiuf
  7661 | D:6      | Killed Crazy Yiuf
  7662 | D:6      | Reached skill level 1 in Evocations
  7670 | D:6      | Identified the +3 mace of Tortfeasance {vorpal, Fly rCorr
                  | Int-2}
  7722 | D:7      | Noticed Pikel
  7730 | D:7      | Killed Pikel
  7731 | D:7      | Reached XP level 9. HP: 93/102 MP: 9/12
  7858 | D:7      | Reached * piety under the Shining One
  8034 | D:7      | Reached skill level 5 in Invocations
  8205 | D:7      | Found a stormy altar of Qazlal.
  8333 | D:7      | Found a staircase to the Ecumenical Temple.
  8454 | Temple   | Entered the Ecumenical Temple
  9074 | D:8      | Found Dommehai's Antique Weapon Shoppe.
  9091 | D:8      | Reached skill level 5 in Evocations
  9346 | D:8      | Noticed Maggie
  9350 | D:8      | Killed Maggie
  9454 | D:8      | Noticed a +0 dagger
  9455 | D:8      | Noticed a +0 hand axe
  9458 | D:8      | Found a hide-covered altar of Uskayaw.
  9592 | D:8      | Reached XP level 10. HP: 111/111 MP: 15/15
  9628 | D:8      | Found a shadowy altar of Dithmenos.
  9630 | D:8      | Found a hazy altar of Hepliaklqana.
  9689 | D:8      | Identified the ring "Siuvada" {SInv}
  9808 | D:9      | Reached skill level 1 in Spellcasting
  9991 | D:9      | Reached ** piety under the Shining One
 10009 | D:8      | Reached skill level 1 in Armour
 10556 | D:9      | Noticed a centaur warrior
 10773 | D:9      | Noticed a kobold demonologist
 10783 | D:9      | Noticed a sun demon
 10783 | D:9      | Killed a kobold demonologist
 10900 | D:9      | Noticed kirax's ghost (novice MiBe)
 10908 | D:9      | Found a transporter.
 10987 | D:9      | Reached *** piety under the Shining One
 11591 | D:9      | Found a basalt altar of Yredelemnul.
 11591 | D:9      | Reached **** piety under the Shining One
 11657 | D:9      | Found a transporter.
 11674 | D:9      | Killed a centaur warrior
 11737 | D:9      | HP: 3/111 [acid dragon/splash of acid (13)]
 12688 | D:9      | Reached XP level 11. HP: 99/119 MP: 17/17
 13283 | D:9      | HP: 1/119 [wyvern (5)]
 13283 | D:9      | The Shining One protects you from harm!
 13694 | D:10     | Entered Level 10 of the Dungeon
 13697 | D:10     | Identified the +1 chain mail of the Elephant {rF+ Will-
                  | Str+8 SInv}
 13717 | D:10     | Reached skill level 11 in Fighting
 13717 | D:10     | Reached skill level 5 in Maces & Flails
 13967 | D:10     | Paralysed by a hornet for 3 turns
 14180 | D:10     | Found a shimmering altar of Xom.
 14303 | D:10     | Found a staircase to the Lair.
 14352 | D:10     | Noticed a purple ugly thing
 14361 | D:10     | Killed a purple ugly thing
 14442 | D:10     | Found a staircase to the Orcish Mines.
 14809 | D:10     | Found a sparkling altar of Nemelex Xobeh.
 14838 | D:10     | Found Waet's Book Emporium.
 15079 | D:10     | Found a blossoming altar of Fedhas.
 15407 | D:11     | Noticed a two-headed ogre
 15417 | D:11     | Killed a two-headed ogre
 15735 | D:9      | Killed kirax's ghost
 16259 | D:9      | Identified the +8 shortbow "Corir" {flame, rN+ Int+2}
 16408 | Lair:1   | Entered Level 1 of the Lair of Beasts
 16423 | Lair:1   | Reached skill level 12 in Fighting
 16440 | Lair:1   | Reached XP level 12. HP: 107/132 MP: 19/19
 16506 | Lair:1   | Reached skill level 5 in Armour
 16585 | Lair:1   | Reached skill level 5 in Dodging
 16700 | Lair:1   | Found a gate leading to a gauntlet.
 16713 | Gauntlet | Entered a Gauntlet
 16713 | Gauntlet | Found a transporter.
 16713 | Gauntlet | Found a transporter.
 16794 | Gauntlet | Noticed a death yak
 16797 | Gauntlet | Noticed a death yak
 16800 | Gauntlet | Noticed a death yak
 16800 | Gauntlet | Noticed a death yak
 16801 | Gauntlet | Noticed a death yak
 16815 | Gauntlet | Found a transporter.
 16815 | Gauntlet | Found a transporter.
 16818 | Gauntlet | Found a transporter.
 16834 | Gauntlet | Found a transporter.
 16834 | Gauntlet | Found a transporter.
 16893 | Gauntlet | Found a transporter.
 16895 | Gauntlet | Found a large runed translucent door.
 16896 | Gauntlet | Found a large runed translucent door.
 16897 | Gauntlet | Found a large runed translucent door.
 16897 | Gauntlet | Found a large runed translucent door.
 16897 | Gauntlet | Found a runed translucent door.
 16897 | Gauntlet | Found a runed translucent door.
 16898 | Gauntlet | Found a large runed translucent door.
 16899 | Gauntlet | Found a large runed translucent door.
 16900 | Gauntlet | Found a large runed translucent door.
 16900 | Gauntlet | Found a large runed translucent door.
 16901 | Gauntlet | Found a runed translucent gate.
 16901 | Gauntlet | Found a runed translucent gate.
 16901 | Gauntlet | Found a runed translucent gate.
 16903 | Gauntlet | Found a transporter.
 16904 | Gauntlet | Reached ***** piety under the Shining One
 16912 | Gauntlet | Found a large runed translucent door.
 16912 | Gauntlet | Found a large runed translucent door.
 16913 | Gauntlet | Found a large runed translucent door.
 16914 | Gauntlet | Found a large runed translucent door.
 16918 | Gauntlet | Found a transporter.
 16928 | Gauntlet | Found a transporter.
 16943 | Gauntlet | Found a transporter.
 16981 | Gauntlet | Found a large runed translucent door.
 16982 | Gauntlet | Found a large runed translucent door.
 16983 | Gauntlet | Found a large runed translucent door.
 16983 | Gauntlet | Found a large runed translucent door.
 17132 | Gauntlet | HP: 3/133 [fire crab] (8)]
 17918 | Gauntlet | HP: 6/133 [torpor snail (17)]
 17919 | Gauntlet | Slain by a torpor snail

Illustrated notes

Levels and vault maps discovered:
D:1:      psy_arrival_radial02, layout_basic
D:2:      minmay_chambers_of_twos, layout_loops_ring,
          hellmonk_ecumenical_altar_lost_god, basic_altar, minmay_nonomino_d4,
          uniq_natasha
D:3:      layout_loops_corners, cheibrodos_ashenzari_chains, chequers_garden,
          minmay_strange_pillars
D:4:      layout_cave_pools, lemuel_crystal_altar, serial_shops, kennysheep_mini
D:5:      layout_loops_ring, tso_altar, mainiacjoe_overflow_cross_hatched
D:6:      layout_loops_ring, nicolae_overflow_crystal_walls, hex_medium,
          minmay_checkerbox, uniq_crazy_yiuf_cottage
D:7:      layout_loops_cross, nicolae_qazlal_style_of_elements, temple_hall,
          nicolae_lava_and_water, hangedman_decor_growths, lemuel_old_faithful,
          uniq_pikel
D:8:      layout_rooms, riverfiend_overflow_shadow_ancestor,
          dancing_weapons_uskayaw, serial_shops, shop, grunt_decor_mini_mirrors,
          uniq_maggie
D:9:      layout_loops_corners, lemuel_mausoleum_altar_yredelemnul,
          nzn_ghost_randoct, nicolae_two_hexagons
D:10:     layout_basic, fedhas_altar_4, nemelex_altar_shiori,
          mainiacjoe_overflow_concentric_impassable, dpeg_oklobed_lair,
          serial_shops, nicolae_shop_behind_doors, chequers_serial_rivers_room_b
D:11:     layout_roguey, uniq_grum
Temple:   compressed_dpeg_triangle_lava_temple
Lair:1:   layout_gridlike, gauntlet_entry_generic, serial_bayou_pond_d,
          serial_bayou_shore_a, uniq_gastronok
Gauntlet: gammafunk_gauntlet_shortcut [nicolae_gauntlet_arena_quarters,
          nicolae_gauntlet_arena_blocks, gammafunk_gauntlet_arena_teeth,
          minmay_gauntlet_arena_make_your_own_arena,
          gammafunk_gauntlet_arena_grid, gammafunk_gauntlet_arena_split_x,
          nicolae_gauntlet_exit_dead_adventurers]

Skill      XL: |  1  2  3  4  5  6  7  8  9 10 11 12 |
---------------+-------------------------------------+-----
Fighting       | 3 4 5 6 8 9 10 12 | 12.5
Dodging        | 2 4 5 |  5.3
Stealth        | 1 |  1.0
Maces & Flails | 2 3 4 6 |  6.6
Throwing       | 5 |  5.0
Invocations    | 4 7 9 |  9.4
Evocations     | 3 5 7 |  7.2
Spellcasting   | 3 |  3.8
Armour         | 2 4 5 |  5.3

Action                   |  1- 3 |  4- 6 |  7- 9 | 10-12 || total
-------------------------+-------+-------+-------+-------++-------
Melee: Short sword       |   114 |   147 |       |       ||   261
       Giant spiked club |       |    44 |    83 |       ||   127
       Morningstar       |       |       |    96 |   375 ||   471
Throw: Large rock        |       |    13 |    19 |    18 ||    50
       Throwing net      |       |     2 |       |    10 ||    12
Invok: Divine Shield     |       |       |       |     2 ||     2
       Cleansing Flame   |       |       |       |     1 ||     1
Evoke: Wand              |       |       |     2 |     1 ||     3
  Use: Scroll            |       |     6 |     9 |     9 ||    24
       Potion            |       |     1 |     1 |    11 ||    13
 Stab: Sleeping          |       |     5 |       |       ||     5
       Distracted        |       |       |     1 |       ||     1
Armor: Robe              |    27 |    61 |    24 |       ||   112
       Steam dragon scal |       |       |    21 |       ||    21
       Swamp dragon scal |       |       |     2 |   246 ||   248
       Skin              |       |       |       |     5 ||     5
Dodge: Dodged            |    41 |   111 |   127 |   250 ||   529
Block: Other             |    18 |    59 |    40 |     6 ||   123
       Reflection        |     1 |     1 |       |     1 ||     3

Table legend: (Time is in decaauts)
 A = Elapsed time spent in this place.
 B = Non-inter-level travel time spent in this place.
 C = Inter-level travel time spent in this place.
 D = Time resting spent in this place.
 E = Time spent auto-exploring this place.
 F = Levels seen in this place.
 G = Mean time per level.
                   A        B        C        D        E       F      G
               +--------+--------+--------+--------+--------+-----+--------+
         Total |  18248 |  17466 |    782 |   4557 |  10070 |  14 | 1303.4 |
       Dungeon |  16575 |  15811 |    764 |   3771 |   9814 |  11 | 1506.8 |
        Temple |    136 |    118 |     18 |      0 |    110 |   1 |  136.0 |
          Lair |    313 |    313 |      0 |      0 |      0 |   1 |  313.0 |
      Gauntlet |   1222 |   1222 |      0 |    786 |    146 |   1 | 1222.0 |
               +--------+--------+--------+--------+--------+-----+--------+

Top non-repeatable levels by time:
     D:9: 4854 daAuts
    D:10: 1603 daAuts
     D:2: 1486 daAuts
     D:4: 1462 daAuts
     D:1: 1324 daAuts
     D:5: 1266 daAuts
Gauntlet: 1222 daAuts
     D:7: 1221 daAuts
     D:6: 1191 daAuts
     D:3: 1106 daAuts
     D:8: 855 daAuts
  Lair:1: 313 daAuts
    D:11: 204 daAuts
  Temple: 136 daAuts
